 Dungeon Crawl Stone Soup version 0.31.0-12-g77e489cdc1 (webtiles) character file.

Game seed: 6646713441794117514

3424 Silvore the Basher (level 9, 0/79 HPs)
             Began as a Minotaur Fighter on Feb 25, 2024.
             Was a Follower of the Shining One.
             Slain by Zeo's ghost (12 damage)
             ... on level 7 of the Dungeon.
             The game lasted 00:08:20 (7764 turns).

Silvore the Basher (Minotaur Fighter)               Turns: 7764, Time: 00:08:20

Health: 0/79       AC: 14    Str: 24    XL:     9   Next: 76%
Magic:  8/8        EV: 12    Int:  5    God:    the Shining One [*.....]
Gold:   148        SH: 10    Dex: 11    Spells: 8/8 levels left

rFire   . . .        a - +1 flail (heavy)
rCold   . . .        c - +0 buckler
rNeg    . . .        r - +0 plate armour
rPois   .            (helmet restricted)
rElec   .            (no cloak)
rCorr   +            (no gloves)
SInv    .            (no boots)
Will    .....        o - amulet of reflection Stlth
                     m - ring of resist corrosion
HPRegen 0.33/turn    e - +5 ring of evasion
MPRegen 0.11/turn

%: reflection
@: glowing
A: horns 2, retaliatory headbutt
a: Renounce Religion, Divine Shield


You were on level 7 of the Dungeon.
You worshipped the Shining One.
The Shining One was aware of your devotion.
You visited 2 branches of the dungeon, and saw 9 of its levels.
You also visited: Sewer.

You collected 427 gold pieces.
You donated 279 gold pieces to Zin.

Inventory:

Hand Weapons
 a - a +1 heavy flail (weapon)
Missiles
 i - 2 throwing nets (quivered)
Armour
 b - a +0 scale mail
 c - a +0 buckler (worn)
 r - a +0 plate armour (worn)
Jewellery
 e - a +5 ring of evasion (right hand)
 m - a ring of resist corrosion (left hand)
 o - an amulet of reflection (around neck)
 p - a ring of ice
 D - an amulet of magic regeneration
 E - a ring of protection from cold
Wands
 l - a wand of charming (7)
 s - a wand of flame (1)
 x - a wand of roots (4)
Scrolls
 g - 5 scrolls of teleportation
 k - a scroll of blinking
 q - 2 scrolls of enchant weapon
 t - 2 scrolls of torment
 y - a scroll of identify
 A - a scroll of noise
 B - 2 scrolls of revelation
 G - a scroll of vulnerability
Potions
 d - 2 potions of might
 f - 2 potions of haste
 h - a potion of mutation
 j - a potion of degeneration
 n - a potion of ambrosia
 u - 5 potions of curing
 v - 2 potions of invisibility {unknown}
 w - 2 potions of resistance {unknown}
 z - 2 potions of heal wounds {unknown}
 C - a potion of lignification {unknown}
 F - a potion of brilliance {unknown}


   Skills:
 + Level 7.0 Fighting
 + Level 10.6 Maces & Flails
 + Level 9.7 Armour
 + Level 1.7 Dodging
 + Level 0.7 Stealth
 + Level 7.8 Shields


You had 8 spell levels left.
You didn't know any spells.
Your spell library contained the following spells:

 Spells                   Type           Power      Damage    Failure   Level
 Apportation              Tloc           0%         N/A       100%        1
 Kiss of Death            Conj/Necr      0%         2d5       100%        1
 Jinxbite                 Hex            0%         N/A       100%        2
 Confusing Touch          Hex            0%         N/A       100%        3
 Dispel Undead            Necr           0%         3d6       100%        4
 Alistair's Intoxication  Alch           0%         N/A       100%        5


Dungeon Overview and Level Annotations

Branches:
Dungeon (8/15)             Temple (1/1) D:5           Sewer (visited)
   Lair: D:8-11

Altars:
Ashenzari
Elyvilon
Fedhas
Gozag
Kikubaaqudgha
Makhleb
Okawaru
Qazlal
Ru
Sif Muna
Wu Jian
Yredelemnul
Zin
The Shining One
Jiyva

Shops:
D:4 (   D:5 [

Annotations:
D:7 Zeo's ghost, novice BaHu


Innate Abilities, Weirdness & Mutations

You have a pair of horns on your head.
You reflexively headbutt those who attack you in melee.


Message History

Zeo's ghost hits you but does no damage.
Zeo's ghost barely misses you. You furiously retaliate!
You headbutt Zeo's ghost! You miss Zeo's ghost.
Zeo's ghost is severely damaged.
Zeo's ghost hits you but does no damage.
You hit Zeo's ghost. Your headbutt misses Zeo's ghost.
Zeo's ghost is severely damaged.
Zeo's ghost hits you. Zeo's ghost burns you.
You closely miss Zeo's ghost.
Zeo's ghost is severely damaged.
Zeo's ghost hits you. Zeo's ghost burns you. You block Zeo's ghost's attack.
You closely miss Zeo's ghost. Your headbutt misses Zeo's ghost.
Zeo's ghost is severely damaged.
Zeo's ghost barely misses you. You furiously retaliate!
You headbutt Zeo's ghost! You hit Zeo's ghost.
Your headbutt misses Zeo's ghost.
Zeo's ghost is almost destroyed.
Zeo's ghost hits you. Zeo's ghost burns you.
You closely miss Zeo's ghost.
Zeo's ghost is almost destroyed.
You block Zeo's ghost's attack.
You completely miss Zeo's ghost.
Zeo's ghost is almost destroyed.
You block Zeo's ghost's attack. Zeo's ghost barely misses you.
You furiously retaliate!
You headbutt Zeo's ghost, but do no damage.
You barely miss Zeo's ghost.
Zeo's ghost is almost destroyed.
Zeo's ghost hits you. Zeo's ghost burns you.
You miss Zeo's ghost.
Zeo's ghost is almost destroyed.
Zeo's ghost hits you!
* * * LOW HITPOINT WARNING * * *
Zeo's ghost burns you.
* * * LOW HITPOINT WARNING * * *
You closely miss Zeo's ghost. Your headbutt misses Zeo's ghost.
Zeo's ghost is almost destroyed.
Zeo's ghost hits you!
You die...

########.####..##########.#
#### #.# #.............#
...# #.# ##.############
##.# #.# #.# #.# #.# #####
#.# #.# #.8.# ##.## #.#
#.?.# #...#####.# ##W##
..|.......# #.@.#
#...####.># #...#
...#####..# #..##
..........# #.##
########.######.#
#........# ##########


You could see Zeo's ghost.

Vanquished Creatures
  A cyclops (D:8)
  Eustachio (D:6)
  A steam dragon (D:8)
  A water moccasin (D:6)
  An orc warrior (D:6)
  4 ice beasts
  A sky beast (D:7)
  4 black bears
  An ogre (D:6)
  4 phantoms
  A centaur (D:7)
  4 kobold brigands (Sewer)
  A brain worm (Sewer)
  A bullfrog (D:7)
  A scorpion (D:5)
  4 bombardier beetles
  A jelly (D:5)
  2 hounds (D:5)
  2 sleepcaps (D:5)
  Ijyb (D:3)
  Natasha (thrice) (D:3)
  3 iguanas
  3 orc wizards
  3 gnolls (D:3)
  9 adders
  2 river rats
  4 ribbon worms
  17 orcs
  8 endoplasms
  4 giant cockroaches
  2 goblins (D:2)
  6 hobgoblins
  7 quokkas
  16 ball pythons
  4 bats
  4 frilled lizards
  10 kobolds
  7 rats
149 creatures vanquished.

Vanquished Creatures (others)
  A bombardier beetle (D:3)
1 creature vanquished.

Grand Total: 150 creatures vanquished

Notes
Turn   | Place    | Note
-------+----------+-------------------------------------------
     0 | D:1      | Silvore the Minotaur Fighter began the quest for the Orb.
     0 | D:1      | Reached XP level 1. HP: 19/19 MP: 0/0
   126 | D:1      | Found a faded altar of an unknown god.
   206 | D:1      | Reached XP level 2. HP: 27/27 MP: 1/1
   939 | D:2      | Reached XP level 3. HP: 33/33 MP: 2/2
  1422 | D:2      | Reached skill level 3 in Maces & Flails
  1668 | D:3      | Noticed Natasha
  1671 | D:3      | Killed Natasha
  1681 | D:3      | Noticed Ijyb
  1703 | D:3      | Killed Ijyb
  1704 | D:3      | Reached XP level 4. HP: 24/41 MP: 3/3
  1720 | D:3      | Noticed Natasha
  1726 | D:3      | Killed Natasha
  1752 | D:3      | Noticed Natasha
  1757 | D:3      | Killed Natasha
  1758 | D:3      | Reached skill level 4 in Maces & Flails
  1758 | D:3      | Reached XP level 5. HP: 21/47 MP: 4/4
  1926 | D:3      | Reached skill level 5 in Armour
  2102 | D:3      | Reached skill level 1 in Dodging
  2102 | D:3      | Reached XP level 6. HP: 16/55 MP: 5/5
  2120 | D:3      | Found a glowing drain.
  2140 | Sewer    | Entered a sewer
  2417 | Sewer    | Reached skill level 5 in Fighting
  2417 | Sewer    | Reached skill level 5 in Maces & Flails
  2721 | Sewer    | Reached XP level 7. HP: 61/61 MP: 6/6
  2792 | Sewer    | Reached skill level 6 in Maces & Flails
  2807 | Sewer    | Reached skill level 5 in Shields
  3417 | D:4      | Found Fettuimu's Weapon Emporium.
  3417 | D:4      | Found a basalt altar of Yredelemnul.
  4438 | D:5      | Entered Level 5 of the Dungeon
  4596 | D:5      | Reached skill level 7 in Maces & Flails
  4596 | D:5      | Reached XP level 8. HP: 68/70 MP: 7/7
  4660 | D:5      | Found a staircase to the Ecumenical Temple.
  4708 | Temple   | Entered the Ecumenical Temple
  4721 | Temple   | Became a worshipper of the Shining One
  4772 | D:5      | You fall into a shaft and drop 3 floors!
  4911 | D:8      | Noticed a cyclops
  4922 | D:8      | Killed a cyclops
  4923 | D:8      | Reached skill level 8 in Maces & Flails
  4960 | D:7      | Found a runed translucent door.
  4960 | D:7      | Noticed Zeo's ghost (novice BaHu)
  4991 | D:7      | Identified the +2 scale mail "Foamelekess" {+Inv}
  5022 | D:7      | Found an opulent altar of Gozag.
  5031 | D:7      | Reached skill level 9 in Maces & Flails
  5098 | D:6      | Found an ornate altar of the Wu Jian Council.
  5101 | D:6      | Noticed Eustachio
  5106 | D:6      | Killed Eustachio
  5107 | D:6      | Reached XP level 9. HP: 78/78 MP: 8/8
  5350 | D:5      | Found a glowing silver altar of Zin.
  5350 | D:5      | Noticed an angel
  5467 | D:5      | Found Puivuaps's Antique Armour Shop.
  5884 | D:5      | Fell from the grace of the Shining One
  5884 | D:5      | Became a worshipper of Zin the Law-Giver
  5884 | D:5      | Reached * piety under Zin
  5885 | D:5      | Donated 158 gold pieces to Zin
  5907 | D:5      | Reached ** piety under Zin
  6008 | D:5      | Donated 79 gold pieces to Zin
  6398 | D:6      | Reached skill level 10 in Maces & Flails
  7131 | D:7      | Found a burning altar of Makhleb.
  7520 | Temple   | Fell from the grace of Zin
  7520 | Temple   | Became a worshipper of the Shining One
  7520 | Temple   | Reached * piety under the Shining One
  7764 | D:7      | Slain by Zeo's ghost

Illustrated notes

Levels and vault maps discovered:
D:1:      dpeg_arrival_rooms_with_view, layout_loops_ring,
          ebering_ecumenical_altar_box
D:2:      minmay_door_path, layout_basic
D:3:      layout_rooms, portal_sewer_entry_a, uniq_natasha, uniq_ijyb
D:4:      layout_gridville, amcnicky_altar_gilded, serial_shops, shop,
          eino_tiny_chamber
D:5:      layout_layer_cave, zin_angel, temple_green, serial_shops,
          nicolae_shop_overgrown_old_shop
D:6:      layout_loops_ring, nzn_wu_jian_contemplation, uniq_eustachio
D:7:      layout_loops_ring, mainiacjoe_overflow_24_doors,
          mainiacjoe_overflow_cross_hatched, gammafunk_ghost_grave
D:8:      layout_loops_corners, minmay_lair_entry_grove, uniq_joseph
Temple:   pf_slimified_temple

Skill      XL: |  1  2  3  4  5  6  7  8  9 |
---------------+----------------------------+-----
Fighting       | 4 5 6 7 |  7.0
Armour         | 4 5 6 7 8 9 |  9.7
Shields        | 4 5 6 7 |  7.8
Maces & Flails | 3 4 5 7 9 10 | 10.6
Dodging        | 1 |  1.7
Stealth        | |  0.7

Action                     |  1- 3 |  4- 6 |  7- 9 || total
---------------------------+-------+-------+-------++-------
  Melee: Flail             |    86 |    80 |   242 ||   408
         Headbutt          |     4 |    11 |    31 ||    46
 Invoke: Donate Gold       |       |       |     2 ||     2
    Use: Scroll            |    12 |       |     3 ||    15
         Potion            |       |     1 |       ||     1
 Armour: Scale mail        |    73 |       |       ||    73
         Plate armour      |       |    84 |   180 ||   264
  Dodge: Dodged            |    45 |    26 |    90 ||   161
  Block: Buckler           |    42 |    54 |   121 ||   217
         Reflection        |       |     2 |     5 ||     7
